Match 46693182
Unlisted

Match 46693182
End
Construct Barracks
Selects Special Operations Battlegroup
Selects M29 Weasel Recon Vehicle
M29 Weasel Recon Vehicle
Riflemen Squad
Riflemen Squad
Riflemen Squad
Infantry Support Center
Construct Motor Pool
Construct Medical Station
Selects Raiding Flares
Selects SSF Commando Squad
M8 Greyhound Armored Car
M1918 Browning Automatic Rifles
Engineer Squad
M1 Anti-tank Gun Team
Grenade Package
SSF Commando Squad
Selects P-47 Anti-Infantry Loiter
Advanced Logistics
M1 Anti-tank Gun Team
P-47 Anti-Infantry Loiter
rocketpossum
ThatGuyLenny
0
0

Comments sign in to comment!

No comments posted yet!